 Dungeon Crawl Stone Soup version 0.31.0 (webtiles) character file.

Game seed: 3256127186147219841

2806 qw the Skirmisher (level 9, 0/57 HPs)
             Began as a Gargoyle Hunter on Jan 20, 2024.
             Was a Believer of Okawaru.
             Slain by a gnoll sergeant
             ... wielding a +4 vampiric spear
              (10 damage)
             ... on level 7 of the Dungeon.
             The game lasted 00:00:28 (4840 turns).

qw the Skirmisher (Gargoyle Hunter)                 Turns: 4840, Time: 00:00:29

Health: 0/57       AC: 12    Str: 15    XL:     9   Next: 72%
Magic:  4/4        EV: 12    Int: 10    God:    Okawaru [**....]
Gold:   191        SH:  0    Dex: 20    Spells: 8/8 levels left

rFire   + . .        k - +4 shortbow (antimagic)
rCold   . . .        (shield currently unavailable)
rNeg    + . .        e - +0 ring mail
rPois   inf          h - +0 helmet "Sete Xynt" {*Slow rF+ Regen+ Dex+3}
rElec   +            (no cloak)
rCorr   .            (no gloves)
SInv    .            (no boots)
Will    .....        (no amulet)
Stlth   +            (no ring)
HPRegen 1.09/turn    (no ring)
MPRegen 0.09/turn

%: slow self (1%)
@: about to teleport
A: sickness immunity, AC +6, negative energy resistance 1, electricity
resistance, torment resistance 1, petrification resistance
a: Renounce Religion, Heroism


You were on level 7 of the Dungeon.
You worshipped Okawaru.
Okawaru was pleased with you.
You visited 2 branches of the dungeon, and saw 8 of its levels.

You collected 340 gold pieces.
You spent 149 gold pieces at shops.


Innate Abilities, Weirdness & Mutations

You are immune to sickness and miasma.
Your stone body is resilient. (AC +6)
You are immune to poison.
You resist negative energy. (rN+)
You are resistant to electric shocks. (rElec)
You are resistant to unholy torment.
You are immune to petrification.


   Skills:
 - Level 7.0 Fighting
 + Level 10.9 Ranged Weapons
 - Level 2.0 Armour
 - Level 3.1 Dodging
 - Level 1.1 Stealth
 - Level 4.0 Invocations


You had 8 spell levels left.
You didn't know any spells.
Your spell library was empty.

Inventory:

Hand Weapons
 k - a +4 antimagic shortbow (weapon)
Armour
 e - a +0 ring mail (worn)
 h - the +0 helmet "Sete Xynt" (worn) {*Slow rF+ Regen+ Dex+3}
   (You found it on level 2 of the Dungeon)

   Dex+3:     It affects your dexterity (+3).
   rF+:       It protects you from fire.
   Regen+:    It increases your rate of health regeneration.
   *Slow:     It may slow you when you take damage.
Jewellery
 d - a ring of fire
Wands
 c - a wand of roots (9)
 j - a wand of mindburst (11)
Scrolls
 i - 3 scrolls of enchant armour
Potions
 b - 2 potions of curing
 f - a potion of enlightenment
 g - a potion of brilliance {unknown}
 n - a potion of heal wounds {unknown}

Dungeon Overview and Level Annotations

Branches:
Dungeon (7/15)             Temple (1/1) D:5

Altars:
Ashenzari
Cheibriados
Elyvilon
Fedhas
Gozag
Hepliaklqana
Kikubaaqudgha
Makhleb
Nemelex Xobeh
Okawaru
Ru
Sif Muna
Trog
Uskayaw
Vehumet
Xom
Yredelemnul
Zin
The Shining One

Shops:
D:6 ?(


Message History

You shoot an arrow. The arrow hits the gnoll sergeant.
The gnoll sergeant is almost dead.
The gnoll barely misses you.
The gnoll sergeant hits you from afar with a +4 vampiric spear!
You shoot an arrow. The arrow hits the gnoll.
The gnoll is lightly wounded.
The gnoll hits you but does no damage. x2
The gnoll sergeant completely misses you.
You shoot an arrow. The arrow hits the gnoll.
The gnoll is heavily wounded.
The gnoll hits you but does no damage. The gnoll barely misses you.
The gnoll sergeant barely misses you.
You shoot an arrow. The arrow hits the gnoll.
The gnoll is almost dead.
The gnoll sergeant hits you from afar with a +4 vampiric spear!
The gnoll hits you but does no damage.
You shoot an arrow. The arrow barely misses the gnoll.
The gnoll misses you.
The gnoll hits you from afar with a +0 halberd.
The gnoll sergeant hits you from afar with a +4 vampiric spear.
You shoot an arrow.
The arrow hits the gnoll but does no damage.
The gnoll is almost dead.
The gnoll misses you. The gnoll closely misses you.
The gnoll sergeant closely misses you.
You shoot an arrow. The arrow hits the gnoll!
You kill the gnoll!
Okawaru accepts your kill. The gnoll misses you.
The gnoll sergeant hits you from afar with a +4 vampiric spear.
You shoot an arrow.
The arrow hits the gnoll sergeant but does no damage.
The gnoll sergeant is almost dead.
The gnoll closely misses you.
The gnoll sergeant hits you from afar with a +4 vampiric spear!
4840 ||| READING scroll of teleportation.
As you read the scroll of teleportation, it crumbles to dust.
You feel strangely unstable.
The gnoll sergeant hits you from afar with a +4 vampiric spear!
You die...

.............######
.............#....#
.......###'###....#
....>..#..........#
.......#..........#
.......#....##....#
.......+....##....#######
####+##..........#
#.)@.......+ ###'########


gg. ..... ....... ......... +#......... +.......... ## You could see a gnoll
sergeant and a gnoll.

Vanquished Creatures
  A hornet (D:5)
  Sigmund (D:3)
  A wraith (D:5)
  2 ice beasts (D:5)
  3 black bears
  3 ogres
  A phantom (D:5)
  Blork the orc (D:4)
  A bullfrog (D:7)
  3 scorpions
  8 wights
  A bombardier beetle (D:5)
  6 hounds
  3 jellies
  6 iguanas
  3 sleepcaps
  2 orc wizards (D:3)
  6 gnolls
  4 adders
  A white imp (D:6)
  An ufetubus (D:5)
  A dart slug (D:3)
  2 ribbon worms (D:2)
  23 orcs
  5 ball pythons
  8 endoplasms
  3 giant cockroaches
  15 goblins
  9 hobgoblins
  5 jackals
  A quokka (D:5)
  A bat (D:3)
  2 frilled lizards
  9 kobolds
  2 rats
144 creatures vanquished.

Notes
Turn   | Place    | Note
-------+----------+-------------------------------------------
     0 | D:1      | qw the Gargoyle Hunter began the quest for the Orb.
     0 | D:1      | Reached XP level 1. HP: 12/12 MP: 1/1
     0 | D:1      | 0 ||| qw: Version: 0.3-a-132-g3d54051
     0 | D:1      | 0 ||| qw: Game counter: 450
     0 | D:1      | 0 ||| qw: Melee chars always use a shield: true
     0 | D:1      | 0 ||| qw: God list: Okawaru
     0 | D:1      | 0 ||| qw: Allow faded altars: false
     0 | D:1      | 0 ||| qw: Do Orc after clearing Dungeon:15 true
     0 | D:1      | 0 ||| qw: Do second Lair branch before Depths: true
     0 | D:1      | 0 ||| qw: Lair rune preference: random
     0 | D:1      | 0 ||| qw: Goals: Normal
     0 | D:1      | 0 ||| PLANNING D:1-11
   373 | D:1      | Reached XP level 2. HP: 17/17 MP: 2/2
   710 | D:1      | 710 ||| UPGRADING to +0 ring mail.
   720 | D:1      | 720 ||| DROPPING +0 leather armour.
   721 | D:1      | 721 ||| DROPPING scroll of butterflies.
   763 | D:2      | Found a faded altar of an unknown god.
   846 | D:2      | Reached skill level 1 in Armour
   846 | D:2      | Reached XP level 3. HP: 18/21 MP: 3/3
   846 | D:2      | 846 ||| FLEEEEING.
  1145 | D:2      | Identified the +0 helmet "Sete Xynt" {*Slow rF+ Regen+
                  | Dex+3}
  1160 | D:2      | Reached skill level 5 in Ranged Weapons
  1444 | D:2      | 1444 ||| UPGRADING to +0 helmet "Sete Xynt" {*Slow rF+
                  | Regen+ Dex+3}.
  1449 | D:2      | 1449 ||| READING scroll labelled ATTIKHUZYT.
  1449 | D:2      | 1449 ||| IDENTIFYING green potion
  1450 | D:2      | 1450 ||| DROPPING potion of degeneration.
  1494 | D:3      | Reached skill level 3 in Fighting
  1494 | D:3      | Reached XP level 4. HP: 28/28 MP: 4/4
  1600 | D:3      | 1600 ||| DRINKING coppery potion.
  1604 | D:3      | 1604 ||| FLEEEEING.
  1615 | D:3      | 1615 ||| FLEEEEING.
  1711 | D:3      | Reached XP level 5. HP: 31/32 MP: 5/5
  1772 | D:3      | Noticed Sigmund
  1780 | D:3      | Killed Sigmund
  1781 | D:3      | Reached skill level 6 in Ranged Weapons
  1781 | D:3      | Reached XP level 6. HP: 37/37 MP: 6/6
  2207 | D:3      | 2207 ||| READING scroll labelled ODAUBY YFUTIMP.
  2236 | D:4      | 2236 ||| STAIRDANCE
  2249 | D:4      | 2249 ||| STAIRDANCE
  2274 | D:4      | 2274 ||| STAIRDANCE
  2284 | D:4      | Reached skill level 7 in Ranged Weapons
  2309 | D:4      | You fall into a shaft and drop 3 floors!
  2343 | D:7      | 2343 ||| READING scroll labelled REUPLU WADGHURI.
  2343 | D:7      | 2343 ||| ENCHANTING +0 shortbow.
  2344 | D:7      | 2344 ||| FLEEEEING.
  2348 | D:7      | 2348 ||| STAIRDANCE
  2384 | D:6      | 2384 ||| RETREEEEATING.
  2389 | D:6      | Reached XP level 7. HP: 43/43 MP: 7/7
  2429 | D:6      | Found Jahysyl's Magic Scroll Shoppe.
  2434 | D:6      | 2434 ||| BUYING scroll of enchant armour (97 gold).
  2434 | D:6      | Bought a scroll of enchant armour for 97 gold pieces
  2434 | D:6      | 2434 ||| BUYING scroll of identify (26 gold).
  2434 | D:6      | Bought a scroll of identify for 26 gold pieces
  2434 | D:6      | 2434 ||| BUYING scroll of identify (26 gold).
  2434 | D:6      | Bought a scroll of identify for 26 gold pieces
  2434 | D:6      | 2434 ||| SHOPLISTING scroll of identify (26 gold, have 11).
  2434 | D:6      | 2434 ||| SHOPLISTING scroll of teleportation (39 gold, have
                  | 11).
  2478 | D:6      | 2478 ||| FLEEEEING.
  2485 | D:6      | 2485 ||| STAIRDANCE
  2486 | D:5      | Entered Level 5 of the Dungeon
  2507 | D:5      | 2507 ||| READING 2 scrolls of identify.
  2507 | D:5      | 2507 ||| IDENTIFYING metallic blue potion
  2508 | D:5      | 2508 ||| FLEEEEING.
  2514 | D:5      | 2514 ||| STAIRDANCE
  2564 | D:4      | Noticed Blork the orc
  2574 | D:4      | Killed Blork the orc
  2575 | D:4      | Reached skill level 8 in Ranged Weapons
  2639 | D:4      | HP: 8/43 [ogre/+0 giant spiked club (29)]
  2647 | D:4      | 2647 ||| FLEEEEING.
  3040 | D:4      | 3040 ||| READING scroll of identify.
  3040 | D:4      | 3040 ||| IDENTIFYING dark potion
  3041 | D:4      | 3041 ||| READING 3 scrolls labelled FONYGG OZAFI.
  3042 | D:4      | 3042 ||| FLEEEEING.
  3152 | D:4      | 3152 ||| READING scroll labelled NIX KUD NOD.
  3152 | D:4      | Identified a scroll of acquirement
  3152 | D:4      | 3152 ||| ACQUIRING +4 antimagic shortbow
  3152 | D:4      | Acquired a +4 antimagic shortbow
  3154 | D:4      | 3154 ||| SWAPPING to +4 antimagic shortbow.
  3155 | D:4      | 3155 ||| DROPPING +1 shortbow.
  3156 | D:4      | 3156 ||| READING scroll labelled JYCSUO ONIKIRR.
  3157 | D:4      | 3157 ||| DROPPING 2 scrolls of vulnerability.
  3158 | D:4      | 3158 ||| DROPPING potion of lignification.
  3265 | D:5      | Reached XP level 8. HP: 49/49 MP: 2/8
  3287 | D:5      | Noticed a hornet
  3289 | D:5      | 3289 ||| ZAPPING wand of mindburst (23) at -6,-1 (hornet;
                  | floor).
  3290 | D:5      | 3290 ||| ZAPPING wand of mindburst (22) at -4,-1 (hornet;
                  | floor).
  3291 | D:5      | 3291 ||| ZAPPING wand of mindburst (21) at -3,-1 (hornet;
                  | floor).
  3292 | D:5      | 3292 ||| ZAPPING wand of mindburst (20) at -1,-1 (hornet;
                  | floor).
  3293 | D:5      | 3293 ||| ZAPPING wand of mindburst (19) at -1,-1 (hornet;
                  | floor).
  3294 | D:5      | 3294 ||| ZAPPING wand of mindburst (18) at -1,-1 (hornet;
                  | floor).
  3295 | D:5      | 3295 ||| ZAPPING wand of mindburst (17) at -1,-1 (hornet;
                  | floor).
  3295 | D:5      | Killed a hornet
  3296 | D:5      | Reached skill level 9 in Ranged Weapons
  3296 | D:5      | 3296 ||| FLEEEEING.
  3333 | D:5      | 3333 ||| FLEEEEING.
  3418 | D:5      | Found a staircase to the Ecumenical Temple.
  3419 | D:5      | 3419 ||| PLANNING TEMPLE
  3419 | D:5      | 3419 ||| READING scroll labelled JEFIGO OXKY.
  3426 | Temple   | Entered the Ecumenical Temple
  3427 | Temple   | 3427 ||| PLANNING OKAWARU WORSHIP
  3433 | Temple   | Became a worshipper of Warmaster Okawaru
  3434 | Temple   | 3434 ||| PLANNING D:1-11
  3457 | D:5      | Reached skill level 6 in Fighting
  3560 | D:5      | Noticed a wraith
  3578 | D:5      | Killed a wraith
  3580 | D:5      | 3580 ||| ZAPPING wand of mindburst (16) at -1,-1 (ice
                  | beast; open_door).
  3581 | D:5      | 3581 ||| ZAPPING wand of mindburst (15) at -1,-1 (ice
                  | beast; open_door).
  3582 | D:5      | 3582 ||| ZAPPING wand of mindburst (14) at -1,-1 (ice
                  | beast; open_door).
  3583 | D:5      | 3583 ||| ZAPPING wand of mindburst (13) at -1,-1 (ice
                  | beast; open_door).
  3584 | D:5      | 3584 ||| ZAPPING wand of mindburst (12) at -1,-1 (ice
                  | beast; open_door).
  3585 | D:5      | Reached skill level 10 in Ranged Weapons
  3590 | D:5      | 3590 ||| FLEEEEING.
  3778 | D:5      | Reached XP level 9. HP: 43/55 MP: 3/9
  3785 | D:5      | Reached * piety under Okawaru
  3786 | D:5      | Reached skill level 3 in Dodging
  3818 | D:5      | 3818 ||| FLEEEEING.
  3846 | D:5      | Reached skill level 1 in Invocations
  3898 | D:5      | 3898 ||| DROPPING +6 ring of intelligence.
  3899 | D:5      | 3899 ||| READING scroll of identify.
  3899 | D:5      | 3899 ||| IDENTIFYING fuming blue potion
  3900 | D:5      | 3900 ||| READING scroll labelled MECUOPL KUTS.
  3901 | D:5      | 3901 ||| READING scroll labelled NEATIM FUREYR.
  3904 | D:5      | 3904 ||| DROPPING wand of flame (11).
  4026 | D:6      | Found Giphiase's Weapon Shoppe.
  4228 | D:6      | 4228 ||| RETREEEEATING.
  4237 | D:6      | 4237 ||| FLEEEEING.
  4420 | D:6      | Reached skill level 3 in Invocations
  4429 | D:6      | Reached ** piety under Okawaru
  4430 | D:6      | 4430 ||| FLEEEEING.
  4431 | D:6      | 4431 ||| FLEEEEING.
  4432 | D:6      | 4432 ||| FLEEEEING.
  4433 | D:6      | 4433 ||| FLEEEEING.
  4434 | D:6      | 4434 ||| FLEEEEING.
  4435 | D:6      | 4435 ||| FLEEEEING.
  4436 | D:6      | 4436 ||| FLEEEEING.
  4706 | D:6      | 4706 ||| DRINKING 2 bubbling orange potions.
  4707 | D:6      | 4707 ||| DRINKING 2 silvery potions.
  4708 | D:6      | 4708 ||| DROPPING potion of invisibility.
  4709 | D:6      | 4709 ||| DROPPING potion of attraction.
  4795 | D:7      | 4795 ||| FLEEEEING.
  4839 | D:7      | HP: 9/57 [gnoll sergeant/+4 vampiric spear (8)]
  4840 | D:7      | 4840 ||| READING scroll of teleportation.
  4840 | D:7      | Slain by a gnoll sergeant

Levels and vault maps discovered:
D:1:      elethiomel_arrival_fortress_basement, layout_loops_ring,
          minmay_crystal_room, corexii_hall_statues_s,
          nicolae_figureground_sparkle
D:2:      layout_basic, dreamdust_ecumenical_altar_hidden_monk_grotto
D:3:      layout_loops_cross, nrook_uturn, uniq_sigmund
D:4:      layout_cave_pools, nrook_campfire, chequers_arboretum,
          uniq_blork_the_orc
D:5:      cheibrodos_barr_body, layout_rooms, minmay_temple_entry_mist,
          nicolae_elevator_lobby_plus
D:6:      corexii_shack_village, layout_basic, serial_shops, shop_statue, shop
D:7:      layout_gridville, mainiacjoe_overflow_catwalk, uniq_menkaure,
          uniq_prince_ribbit1
Temple:   compressed_dpeg_triangle_lava_temple

Skill      XL: |  1  2  3  4  5  6  7  8  9 |
---------------+----------------------------+-----
Armour         | 1 2 |  2.0
Ranged Weapons | 5 6 7 8 10 | 10.9
Fighting       | 3 4 5 6 7 |  7.0
Dodging        | 2 3 |  3.1
Invocations    | 4 |  4.0
Stealth        | |  1.1

Action                     |  1- 3 |  4- 6 |  7- 9 || total
---------------------------+-------+-------+-------++-------
   Fire: Shortbow          |   111 |   157 |   334 ||   602
  Evoke: Wand              |       |       |    12 ||    12
    Use: Scroll            |     1 |     2 |    10 ||    13
         Potion            |       |     1 |     2 ||     3
 Armour: Leather armour    |     1 |       |       ||     1
         Ring mail         |    17 |   114 |   154 ||   285
  Dodge: Dodged            |    14 |    86 |   132 ||   232

Table legend:
 A = Non-vault XP
 B = Vault XP
 C = Vault XP percentage of total XP
 D = Non-vault monster count
 E = Vault monster count
 F = Vault count percentage of total count
                 A         B        C        D         E       F
            +---------+---------+-------+---------+---------+-------
      Total |    2794 |    1215 |  30.3 |     114 |      30 |  20.8
            +---------+---------+-------+---------+---------+-------
        D:1 |      22 |       2 |   8.3 |      13 |       1 |   7.1
        D:2 |      39 |       0 |   0.0 |      18 |       0 |   0.0
        D:3 |     187 |     214 |  53.4 |      29 |       1 |   3.3
        D:4 |     320 |      96 |  23.1 |      16 |       1 |   5.9
        D:5 |     927 |     872 |  48.5 |      14 |      12 |  46.2
        D:6 |     899 |      31 |   3.3 |      16 |      15 |  48.4
        D:7 |     400 |       0 |   0.0 |       8 |       0 |   0.0
            +---------+---------+-------+---------+---------+-------
